 Dungeon Crawl Stone Soup version 0.23.2-1-ga50397a (webtiles) character file.

Game seed: 14402588231203158202

6146 IBeShadow the Conjurer (level 10, -4/124 HPs)
             Began as a Green Draconian Fire Elementalist on May 31, 2019.
             Was an Initiate of Gozag.
             Slain by a swamp worm (19 damage)
             ... in a Gauntlet.
             The game lasted 00:20:31 (10865 turns).

IBeShadow the Conjurer (DrFE)                      Turns: 10865, Time: 00:20:32

Health: -4/124     AC:  8    Str: 26    XL:     10   Next: 59%
Magic:  18/18      EV: 12    Int: 18    God:    Gozag
Gold:   893        SH:  5    Dex: 12    Spells: 7/20 levels left

rFire    + + .     SeeInvis .   w - +10 falchion of Vaekaxzuu {freeze, rF+ Str+4}
rCold    x . .     Gourm    .   G - +0 buckler
rNeg     . . .     Faith    .   (armour unavailable)
rPois    +         Spirit   .   (helmet restricted)
rElec    .         Reflect  .   A - +0 cloak
rCorr    .         Harm     .   (no gloves)
MR       .....     NoTele   +   (no boots)
Stlth    ..........             m - amulet of rage
HPRegen  0.30/turn              e - ring of fire
MPRegen  0.16/turn              I - +6 ring of strength

@: berserking, gold aura, very quick
A: breathe noxious fumes, unfitting armour, poison resistance, cold-blooded, AC
+7
a: Breathe Noxious Fumes, Potion Petition, Call Merchant, Bribe Branch, Renounce
Religion, Evoke Berserk Rage


You were in a Gauntlet.
You worshipped Gozag.
Gozag was pleased with you.
You were not hungry.

You visited 3 branches of the dungeon, and saw 10 of its levels.
You also visited: Gauntlet.

You collected 1214 gold pieces.
You paid 321 gold pieces to Gozag.

Inventory:

Hand Weapons
 a - a +1 spear
 w - the +10 falchion of Vaekaxzuu (weapon) {freeze, rF+ Str+4}
   (You found it on level 4 of the Dungeon)

   It has been specially enchanted to freeze those struck by it, causing extra
   injury to most foes and up to half again as much damage against particularly
   susceptible opponents.
   It can also slow down cold-blooded creatures.
   It affects your strength (+4).
   It protects you from fire.
Armour
 A - a +0 cloak (worn)
 G - a +0 buckler (worn)
Magical Staves
 u - an uncursed staff of earth
Jewellery
 e - a ring of fire (left hand)
 m - an amulet of rage (around neck)
 q - a +3 ring of strength
 r - an uncursed ring of resist corrosion
 t - an uncursed amulet of faith
 z - an uncursed ring of stealth
 I - a +6 ring of strength (right hand)
Wands
 y - a wand of paralysis (5)
 C - a wand of random effects (21)
Scrolls
 d - 2 scrolls of teleportation
 f - 3 scrolls of fog
 j - a scroll of identify
 n - a scroll of blinking
 o - a scroll of remove curse
 p - 2 scrolls of enchant weapon
 B - a scroll of noise {unknown}
 D - a scroll of amnesia {unknown}
 J - a scroll of enchant armour {unknown}
Potions
 c - 3 potions of heal wounds
 i - 2 potions of curing
 k - a potion of resistance {unknown}
 l - a potion of flight {unknown}
 s - 2 potions of ambrosia
 v - a potion of might {unknown}
 E - a potion of mutation {unknown}
 F - a potion of haste {unknown}
 H - a potion of magic {unknown}
Miscellaneous
 g - a fan of gales
Comestibles
 b - 9 rations


   Skills:
 + Level 6.1 Fighting
 + Level 4.7 Long Blades
 - Level 1.7 Dodging
 - Level 1.7 Stealth
 - Level 6.7 Shields
 + Level 5.6 Spellcasting
 + Level 7.6 Conjurations
 - Level 2.0 Charms
 + Level 4.5 Necromancy
 + Level 6.5 Fire Magic


You had 7 spell levels left.
You knew the following spells:

 Your Spells              Type           Power        Failure   Level  Hunger
a - Flame Tongue          Conj/Fire      #####        1%          1    None
b - Throw Flame           Conj/Fire      #####.       1%          2    None
c - Conjure Flame         Conj/Fire      #####...     1%          3    ##.....
d - Sticky Flame          Conj/Fire      #####...     7%          4    ####...
e - Regeneration          Chrm/Necr      ###.......   10%         3    ##.....

Your spell library contained the following spells:

 Spells                   Type           Power        Failure   Level  Hunger
 Animate Skeleton         Necr           N/A          1%          1    None
 Magic Dart               Conj           ####         1%          1    None
 Pain                     Necr           ###.         1%          1    None
 Vampiric Draining        Necr           ###.......   6%          3    ##.....
 Inner Flame              Hex/Fire       ####....     10%         3    ##.....
 Confusing Touch          Hex            #.....       13%         1    None
 Corona                   Hex            #......      13%         1    None
 Slow                     Hex            #.......     19%         2    None
 Animate Dead             Necr           N/A          19%         4    ####...
 Fireball                 Conj/Fire      #####.....   19%         5    #####..
 Confuse                  Hex            #.......     36%         3    ##.....
 Gell's Gravitas          Tloc           #.........   36%         3    ##.....
 Portal Projectile        Hex/Tloc       #.....       36%         3    ##.....
 Iskenderun's Battlesphe  Conj/Chrm      ###.....     43%         5    #####..
 Bolt of Magma            Conj/Fire/Erth ####......   45%         5    #####..
 Agony                    Necr           ###.....     47%         5    #####..
 Dispel Undead            Necr           ###.....     47%         5    #####..
 Venom Bolt               Conj/Pois      ###.......   58%         5    #####..
 Cause Fear               Hex            #.........   77%         4    ####...
 Leda's Liquefaction      Hex/Erth       #.........   77%         4    ####...
 Petrify                  Tmut/Erth      #.......     77%         4    ####...
 Metabolic Englaciation   Hex/Ice        #.........   98%         5    #####..
 Yara's Violent Unravell  Hex/Tmut       #.........   98%         5    #####..
 Iron Shot                Conj/Erth      ###.......   99%         6    #######
 Orb of Destruction       Conj           ####......   99%         7    #######
 Spellforged Servitor     Conj/Summ      ###.......   100%        7    #######


Dungeon Overview and Level Annotations

Branches:
Dungeon (8/15)             Temple (1/1) D:6            Lair (1/6) D:8

Altars:
Ashenzari
Cheibriados
Dithmenos
Elyvilon
Fedhas
Gozag
Hepliaklqana
Kikubaaqudgha
Makhleb
Nemelex Xobeh
Okawaru
Ru
Sif Muna
Trog
Uskayaw
Vehumet
Wu Jian
Xom
Yredelemnul
Zin
The Shining One
Beogh

Shops:
D:6 :

Annotations:
D:7 3 runed translucent doors, Temamet's ghost, novice DEFE Gauntlet 11 transporters


Innate Abilities, Weirdness & Mutations

You can breathe blasts of noxious fumes.
Your lurid green scales are hard. (AC +7)
You cannot fit into any form of body armour.
Your system is resistant to poisons. (rPois)
You are cold-blooded and may be slowed by cold attacks.


Message History

You kill the swamp worm!
The tyrant leech bites you!!
* * * LOW HITPOINT WARNING * * *
The tyrant leech draws strength from your injuries!
Unknown command.
You barely miss the tyrant leech.
The swamp worm throws harpoon shot at you.
The harpoon shot hits you!
* * * LOW HITPOINT WARNING * * *
You are yanked forward by the harpoon shot.
The swamp worm bites you!
* * * LOW HITPOINT WARNING * * *
You are too berserk!
Unknown command.
You slice the tyrant leech!! You freeze the tyrant leech.
The tyrant leech is moderately wounded.
You block the tyrant leech's attack. The swamp worm misses you.
The swamp worm bites you!!
You die...
Your body crumbles into a pile of gold.

........5#.#..........#####
##########.#########....§§###
.........#........©#...§§§#8#
##########.#############..###
###.#.#.##.#.#.........#..#
.#..#..#.#.#.#.........#..#
.##.##..##.#.#.#######.#..#
#.#.####.#.#.##w#.#^#^##..#≈8≈#
##.#.##.©#©#.#.w@w©....#..#...#
..#.#.#..###.#.#.#.#.#.####.8.#
#.#.#.##.#...#.#######^#©.....#
.#.©#....#...#.^.....^.####.8.#
..###.#.##...#..?:©.[..#..#...#
##########...###########..#.8.#
.........§§§.............≈#...###
.........§§8§............∩#.8....
..........§§.............≈#...#


You could see a tyrant leech and 2 swamp worms.

Vanquished Creatures
  A hydra (Lair:1)
  A large abomination (Gauntlet)
  Pikel (D:7)
  A black mamba (Lair:1)
  3 hippogriffs
  3 shadows (Gauntlet)
  A yak (D:8)
  A basilisk (D:8)
  2 swamp worms (Gauntlet)
  2 sky beasts
  2 ogres
  A phantom (D:5)
  A centaur (D:5)
  2 big kobolds (D:8)
  3 crocodiles
  5 bullfrogs
  2 gnoll sergeants (D:7)
  4 scorpions
  2 electric eels (D:6)
  5 howler monkeys
  A crimson imp (D:7)
  A quasit (D:7)
  A hound (D:7)
  A jelly (D:5)
  A bullfrog skeleton (D:5)
  2 orc priests
  5 orc wizards
  An iguana (D:8)
  Natasha (thrice) (D:3)
  3 worker ants
  2 hound zombies
  A hound skeleton (D:5)
  13 gnolls
  7 adders
  A shadow imp (D:7)
  An ooze (D:1)
  An adder zombie (D:7)
  11 dart slugs
  3 leopard geckos
  13 orcs
  2 ball pythons
  2 giant cockroaches
  7 goblins
  5 hobgoblins
  10 jackals
  5 quokkas
  6 frilled lizards
  A jackal skeleton (D:5)
  17 kobolds
  7 rats
177 creatures vanquished.

Vanquished Creatures (others)
  A fungus (Lair:1)
  A withered plant (Gauntlet)
2 creatures vanquished.

Grand Total: 179 creatures vanquished

Notes
Turn   | Place    | Note
-------+----------+-------------------------------------------
     0 | D:1      | IBeShadow the Draconian Fire Elementalist began the quest
                  | for the Orb.
     0 | D:1      | Reached XP level 1. HP: 14/14 MP: 3/3
    74 | D:1      | Reached XP level 2. HP: 22/22 MP: 5/5
   194 | D:1      | Reached skill level 1 in Fighting
   604 | D:1      | Reached XP level 3. HP: 25/28 MP: 6/6
  1573 | D:2      | Reached skill level 2 in Conjurations
  1889 | D:3      | Found an iron altar of Okawaru.
  1981 | D:3      | Found a white marble altar of Elyvilon.
  2084 | D:3      | Found a shimmering altar of Xom.
  2089 | D:3      | Found an ancient bone altar of Kikubaaqudgha.
  2208 | D:3      | Reached XP level 4. HP: 35/36 MP: 7/7
  2221 | D:3      | Noticed Natasha
  2233 | D:3      | Killed Natasha
  2633 | D:3      | Found a glowing golden altar of the Shining One.
  2692 | D:3      | Noticed Natasha
  2704 | D:3      | Killed Natasha
  2837 | D:3      | Noticed Natasha
  2846 | D:3      | Killed Natasha
  2846 | D:3      | Reached XP level 5. HP: 10/42 MP: 6/9
  3765 | D:4      | Got a scorched falchion
  3766 | D:4      | Identified the +10 falchion of Vaekaxzuu {freeze, rF+
                  | Str+4} (You found it on level 4 of the Dungeon)
  3797 | D:4      | Learned a level 2 spell: Throw Flame
  3799 | D:4      | Reached skill level 3 in Conjurations
  3799 | D:4      | Reached XP level 6. HP: 51/51 MP: 10/10
  3842 | D:4      | Reached skill level 1 in Long Blades
  4156 | D:4      | Learned a level 3 spell: Regeneration
  4644 | D:5      | Entered Level 5 of the Dungeon
  4732 | D:5      | Reached skill level 1 in Necromancy
  4732 | D:5      | Your scales start taking on a lurid green colour.
  4732 | D:5      | Reached XP level 7. HP: 44/57 MP: 12/12
  4732 | D:5      | Gained mutation: Your system is resistant to poisons.
                  | (rPois) [Green Draconian growth]
  4984 | D:5      | Found a burning altar of Makhleb.
  4989 | D:5      | Found a glowing silver altar of Zin.
  4989 | D:5      | Noticed an angel
  4990 | D:5      | Noticed an Executioner
  5113 | D:5      | Found an opulent altar of Gozag.
  5446 | D:5      | Reached skill level 5 in Fire Magic
  5610 | D:5      | Became a worshipper of Gozag Ym Sagoz the Greedy
  5647 | D:6      | Reached skill level 4 in Conjurations
  5725 | D:6      | Reached XP level 8. HP: 30/66 MP: 1/14
  6190 | D:6      | Found a staircase to the Ecumenical Temple.
  6266 | D:6      | Found Wipnus's Book Boutique.
  6287 | D:6      | Found a blossoming altar of Fedhas.
  6741 | D:7      | Found a sparkling altar of Nemelex Xobeh.
  6857 | D:7      | Found a runed translucent gate.
  6857 | D:7      | Found a runed translucent gate.
  6859 | D:7      | Found a runed translucent gate.
  6860 | D:7      | Noticed Temamet's ghost (novice DEFE)
  6863 | D:7      | Identified the cursed +1 battleaxe of Defilement
                  | {antimagic, *Contam rElec rN+ MR+}
  6864 | D:7      | Found a roughly hewn altar of Beogh.
  6915 | D:7      | Learned a level 3 spell: Conjure Flame
  6920 | D:7      | Learned a level 4 spell: Sticky Flame
  6977 | D:7      | Noticed a hippogriff
  7030 | D:7      | Killed a hippogriff
  7030 | D:7      | Reached skill level 5 in Fighting
  7043 | D:7      | Reached skill level 5 in Conjurations
  7550 | D:7      | Noticed Pikel
  7558 | D:7      | Killed Pikel
  7558 | D:7      | Reached XP level 9. HP: 68/74 MP: 16/16
  8133 | D:8      | Reached skill level 6 in Conjurations
  8203 | Temple   | Entered the Ecumenical Temple
  8518 | D:8      | Reached skill level 5 in Shields
  8948 | D:8      | Reached skill level 7 in Conjurations
  9030 | D:8      | Found a staircase to the Lair.
  9379 | Lair:1   | Entered Level 1 of the Lair of Beasts
  9379 | Lair:1   | Noticed a black mamba
  9384 | Lair:1   | Killed a black mamba
  9384 | Lair:1   | Reached skill level 5 in Spellcasting
  9384 | Lair:1   | Reached XP level 10. HP: 65/81 MP: 17/17
  9454 | Lair:1   | Noticed a seven-headed hydra
  9461 | Lair:1   | Killed a nine-headed hydra
  9461 | Lair:1   | Reached skill level 1 in Charms
  9692 | Lair:1   | Found a gate leading to a gauntlet.
  9701 | Gauntlet | Entered a Gauntlet
  9701 | Gauntlet | Found a transporter.
  9701 | Gauntlet | Found a transporter.
  9736 | Gauntlet | Found a transporter.
  9736 | Gauntlet | Found a transporter.
  9743 | Gauntlet | Noticed a large abomination
  9744 | Gauntlet | Found a transporter.
  9767 | Gauntlet | Found a transporter.
  9773 | Gauntlet | Noticed a sixfirhy
  9774 | Gauntlet | Noticed a sixfirhy
  9778 | Gauntlet | Found a transporter.
  9778 | Gauntlet | Found a transporter.
  9782 | Gauntlet | Found a transporter.
  9796 | Gauntlet | Noticed a sixfirhy
  9826 | Gauntlet | Found a transporter.
  9827 | Gauntlet | Noticed a necromancer
  9834 | Gauntlet | Found a transporter.
  9867 | Gauntlet | Noticed a death ooze
  9874 | Gauntlet | Found a transporter.
  9914 | Gauntlet | Found a transporter.
  9928 | Gauntlet | Found a transporter.
 10029 | Gauntlet | Found a transporter.
 10041 | Gauntlet | Noticed a rust devil
 10043 | Gauntlet | Found a transporter.
 10480 | Gauntlet | Killed a large abomination
 10812 | Gauntlet | Identified the Almanac of Conjuration and Necromancy
 10865 | Gauntlet | Slain by a swamp worm

Skill      XL: |  1  2  3  4  5  6  7  8  9 10 |
---------------+-------------------------------+-----
Fighting       | 1 2 3 4 5 6 |  6.1
Conjurations   | 2 3 4 5 7 |  7.6
Spellcasting   | 3 4 5 |  5.6
Fire Magic     | 4 5 6 |  6.5
Long Blades    | 1 2 3 4 |  4.7
Necromancy     | 1 2 3 4 |  4.5
Shields        | 3 6 |  6.7
Charms         | 2 |  2.0
Dodging        | |  1.7
Stealth        | |  1.7

Action                   |  1- 3 |  4- 6 |  7- 9 | 10-12 || total
-------------------------+-------+-------+-------+-------++-------
Melee: Spear             |   174 |    46 |       |       ||   220
       Tailslap          |    16 |     8 |    18 |     7 ||    49
       Falchion          |       |    44 |   171 |    27 ||   242
 Cast: Flame Tongue      |     5 |    11 |    30 |     5 ||    51
       Throw Flame       |       |       |     8 |       ||     8
       Regeneration      |       |       |     1 |       ||     1
       Conjure Flame     |       |       |     5 |     3 ||     8
       Sticky Flame      |       |       |     7 |     3 ||    10
Invok: Potion Petition   |       |       |       |     2 ||     2
 Abil: Breathe Noxious F |       |       |     1 |       ||     1
  Use: Scroll            |       |       |     5 |     8 ||    13
 Stab: Sleeping          |    12 |     4 |     8 |       ||    24
  Eat: Chunk             |     4 |     5 |     3 |       ||    12
       Ration            |       |     1 |     4 |     2 ||     7
Armor: Skin              |    48 |    22 |    72 |     7 ||   149
Dodge: Dodged            |   109 |    71 |   123 |    20 ||   323
Block: Buckler           |       |       |       |     7 ||     7
       Rpst.: Falchion   |       |     9 |    42 |     5 ||    56
